[ AOE2 MATCH · #493434039 ]
UnrankedMagyars vs Ethiopians
[ REPLAY ANALYSIS · EXTRACTED FROM THE RECORDED GAME ]
Feudal
8:50
Castle
22:46
Imperial
—
| APM avg | 74.5 |
| APM peak | 118 |
| eAPM avg | 44.5 |
| Villagers / military | 49 / 40 |
Focus
⚔️ 66.0% · 🌾 34.0%
Scout Cavalry ×38 · Militia ×1 · Spearman ×1
Feudal
8:49
Castle
—
Imperial
—
| APM avg | 77.2 |
| APM peak | 107 |
| eAPM avg | 26.3 |
| Villagers / military | 45 / 50 |
Focus
⚔️ 51.2% · 🌾 48.8%
Archer ×50
Feudal
8:56
Castle
—
Imperial
—
| APM avg | 58.2 |
| APM peak | 87 |
| eAPM avg | 20.4 |
| Villagers / military | 62 / 45 |
Focus
⚔️ 37.8% · 🌾 62.2%
Archer ×42 · Skirmisher ×3
Feudal
8:52
Castle
22:40
Imperial
—
| APM avg | 52.6 |
| APM peak | 79 |
| eAPM avg | 22.8 |
| Villagers / military | 51 / 18 |
Focus
⚔️ 35.9% · 🌾 64.1%
Knight ×8 · Scout Cavalry ×8 · Spearman ×2
Match map
Initial resources + every placement click. Lines = walls · curves = elevation contours. ◆ gold · ⬟ stone · ● berries · ✦ relic · ◌ wall gap
Your base· ✓ Closed at 22:46 · 21t walls · 1 gate(s)
Chill's base· Open — 7t gap
Smiley's base· Open — 1t gap
The Immortal's base· Open — 3t gap
Smoothed initial terrain · ◌ = detected wall gap · hover for details
Inputs per minute
— TAG_Sitaux - - Chill
Build order — TAG_Sitaux
First 150 of 177 actions detected
| 0:00 | Create | Villager (Male) |
| 0:01 | Create | Villager (Male) |
| 0:01 | Build | House |
| 0:02 | Build | House |
| 0:13 | Create | Villager (Male) |
| 0:13 | Create | Villager (Male) |
| 1:27 | Create | Villager (Male) |
| 1:28 | Build | Mill |
| 1:42 | Create | Villager (Male) |
| 1:42 | Create | Villager (Male) |
| 2:23 | Create | Villager (Male) |
| 2:23 | Create | Villager (Male) |
| 2:40 | Create | Villager (Male) |
| 3:06 | Create | Villager (Male) |
| 3:06 | Create | Villager (Male) |
| 3:10 | Create | Villager (Male) |
| 3:54 | Build | House |
| 4:03 | Create | Villager (Male) |
| 4:04 | Create | Villager (Male) |
| 4:11 | Create | Villager (Male) |
| 5:00 | Build | Lumber Camp |
| 5:10 | Create | Villager (Male) |
| 5:46 | Create | Villager (Male) |
| 5:49 | Research | Loom |
| 5:49 | Research | Loom |
| 6:38 | Research | Feudal Age |
| 7:09 | Build | Barracks |
| 7:30 | Build | House |
| 7:31 | Build | Palisade Wall |
| 7:54 | Create | Militia |
| 8:10 | Create | Villager (Male) |
| 8:34 | Create | Villager (Male) |
| 8:36 | Build | House |
| 8:50 | Age | Feudal Age |
| 8:51 | Build | Stable |
| 8:54 | Research | Double-Bit Axe |
| 8:54 | Research | Double-Bit Axe |
| 9:02 | Create | Villager (Male) |
| 9:32 | Create | Villager (Male) |
| 9:37 | Create | Scout Cavalry |
| 9:41 | Build | Mill |
| 9:51 | Build | Farm |
| 10:03 | Build | Farm |
| 10:04 | Create | Scout Cavalry |
| 10:07 | Create | Villager (Male) |
| 10:11 | Build | House |
| 10:12 | Build | Palisade Wall |
| 10:24 | Build | Farm |
| 10:36 | Create | Scout Cavalry |
| 10:48 | Build | Farm |
| 10:54 | Create | Villager (Male) |
| 11:10 | Create | Scout Cavalry |
| 11:13 | Build | Farm |
| 11:24 | Create | Villager (Male) |
| 11:28 | Build | Farm |
| 11:39 | Create | Villager (Male) |
| 11:40 | Build | House |
| 11:40 | Build | House |
| 11:50 | Create | Scout Cavalry |
| 12:04 | Create | Villager (Male) |
| 12:12 | Build | Farm |
| 12:19 | Research | Horse Collar |
| 12:26 | Create | Villager (Male) |
| 12:32 | Build | Watch Tower |
| 12:45 | Create | Villager (Male) |
| 12:51 | Create | Scout Cavalry |
| 12:59 | Build | Farm |
| 13:00 | Build | Farm |
| 13:08 | Build | House |
| 13:09 | Build | Palisade Wall |
| 13:10 | Build | Palisade Wall |
| 13:12 | Build | Palisade Wall |
| 13:21 | Create | Villager (Male) |
| 13:22 | Create | Scout Cavalry |
| 13:39 | Create | Scout Cavalry |
| 13:42 | Create | Spearman |
| 13:55 | Create | Villager (Male) |
| 13:58 | Build | Farm |
| 14:02 | Create | Scout Cavalry |
| 14:11 | Build | Farm |
| 14:11 | Create | Villager (Male) |
| 14:13 | Build | Farm |
| 14:18 | Build | Farm |
| 14:26 | Create | Villager (Male) |
| 14:28 | Build | House |
| 14:35 | Create | Villager (Male) |
| 14:53 | Create | Villager (Male) |
| 14:56 | Create | Villager (Male) |
| 15:02 | Create | Scout Cavalry |
| 15:04 | Build | Blacksmith |
| 15:14 | Create | Villager (Male) |
| 15:17 | Build | Mining Camp |
| 15:26 | Create | Scout Cavalry |
| 15:33 | Create | Villager (Male) |
| 15:46 | Create | Villager (Male) |
| 15:59 | Build | Farm |
| 16:12 | Build | Farm |
| 16:14 | Build | Farm |
| 16:16 | Build | Farm |
| 16:23 | Create | Scout Cavalry |
| 16:24 | Research | Scale Barding Armor |
| 16:34 | Build | House |
| 16:39 | Create | Scout Cavalry |
| 16:50 | Create | Villager (Male) |
| 17:02 | Create | Scout Cavalry |
| 17:10 | Build | Farm |
| 17:14 | Create | Scout Cavalry |
| 17:17 | Create | Villager (Male) |
| 17:18 | Build | Farm |
| 17:37 | Create | Villager (Male) |
| 17:40 | Build | Lumber Camp |
| 17:45 | Research | Bloodlines |
| 17:49 | Create | Scout Cavalry |
| 17:57 | Build | House |
| 17:58 | Build | Palisade Wall |
| 18:09 | Research | Wheelbarrow |
| 18:35 | Build | Farm |
| 18:37 | Build | Farm |
| 18:39 | Build | Farm |
| 19:24 | Create | Villager (Male) |
| 19:26 | Build | Farm |
| 19:54 | Build | Lumber Camp |
| 20:06 | Research | Castle Age |
| 20:16 | Build | Stable |
| 20:23 | Create | Scout Cavalry |
| 20:29 | Build | House |
| 20:32 | Build | Palisade Wall |
| 20:52 | Create | Scout Cavalry |
| 20:56 | Build | Stable |
| 21:20 | Create | Scout Cavalry |
| 21:25 | Create | Scout Cavalry |
| 21:33 | Research | Gold Mining |
| 21:37 | Build | House |
| 21:43 | Build | Farm |
| 21:46 | Build | Palisade Gate |
| 21:48 | Build | House |
| 21:49 | Build | Palisade Wall |
| 21:50 | Create | Scout Cavalry |
| 21:50 | Create | Scout Cavalry |
| 21:59 | Create | Scout Cavalry |
| 22:06 | Build | Farm |
| 22:09 | Build | Farm |
| 22:11 | Create | Scout Cavalry |
| 22:12 | Build | House |
| 22:13 | Create | Scout Cavalry |
| 22:19 | Create | Villager (Male) |
| 22:26 | Build | Farm |
| 22:36 | Create | Scout Cavalry |
| 22:38 | Create | Scout Cavalry |
| 22:46 | Age | Castle Age |
Build order — Chill
146 actions detected in the replay
| 0:01 | Create | Villager (Male) |
| 0:02 | Build | House |
| 0:04 | Build | House |
| 0:10 | Create | Villager (Male) |
| 0:10 | Create | Villager (Male) |
| 0:18 | Create | Villager (Male) |
| 1:25 | Create | Villager (Male) |
| 2:01 | Create | Villager (Male) |
| 2:11 | Build | Lumber Camp |
| 2:20 | Create | Villager (Male) |
| 2:36 | Build | House |
| 2:51 | Create | Villager (Male) |
| 3:03 | Create | Villager (Male) |
| 3:47 | Create | Villager (Male) |
| 3:59 | Create | Villager (Male) |
| 4:42 | Create | Villager (Male) |
| 5:08 | Create | Villager (Male) |
| 5:29 | Create | Villager (Male) |
| 5:36 | Build | Mining Camp |
| 5:51 | Research | Loom |
| 6:39 | Research | Feudal Age |
| 7:36 | Build | Barracks |
| 7:46 | Create | Villager (Male) |
| 7:58 | Build | House |
| 8:49 | Age | Feudal Age |
| 8:51 | Create | Villager (Male) |
| 8:55 | Build | Archery Range |
| 8:57 | Build | Archery Range |
| 9:11 | Create | Villager (Male) |
| 9:51 | Create | Archer |
| 9:51 | Create | Archer |
| 9:54 | Build | House |
| 9:55 | Create | Archer |
| 10:01 | Build | Blacksmith |
| 10:04 | Create | Archer |
| 10:12 | Create | Villager (Male) |
| 10:31 | Create | Archer |
| 10:31 | Create | Archer |
| 10:37 | Build | Palisade Wall |
| 10:39 | Create | Villager (Male) |
| 10:51 | Build | House |
| 10:55 | Create | Archer |
| 11:01 | Create | Villager (Male) |
| 11:07 | Create | Archer |
| 11:17 | Build | House |
| 11:18 | Build | Palisade Wall |
| 11:41 | Research | Fletching |
| 11:57 | Build | Mill |
| 12:01 | Build | Palisade Wall |
| 12:16 | Build | Palisade Wall |
| 12:17 | Build | Palisade Wall |
| 12:29 | Create | Archer |
| 12:29 | Create | Archer |
| 12:41 | Create | Archer |
| 12:54 | Create | Villager (Male) |
| 13:04 | Create | Archer |
| 13:07 | Create | Villager (Male) |
| 13:22 | Build | House |
| 13:23 | Create | Archer |
| 13:23 | Create | Archer |
| 13:27 | Create | Villager (Male) |
| 13:38 | Build | House |
| 13:41 | Create | Archer |
| 13:48 | Create | Archer |
| 13:54 | Create | Villager (Male) |
| 13:58 | Build | Farm |
| 14:01 | Create | Archer |
| 14:09 | Build | Palisade Wall |
| 14:21 | Create | Villager (Male) |
| 14:30 | Create | Archer |
| 14:35 | Build | House |
| 15:15 | Create | Villager (Male) |
| 15:18 | Create | Villager (Male) |
| 15:32 | Create | Villager (Male) |
| 15:52 | Create | Archer |
| 16:06 | Build | Farm |
| 16:06 | Create | Villager (Male) |
| 16:08 | Build | House |
| 16:10 | Build | Palisade Wall |
| 16:25 | Build | Farm |
| 16:27 | Create | Archer |
| 16:27 | Create | Archer |
| 17:05 | Create | Archer |
| 17:05 | Create | Archer |
| 17:06 | Create | Villager (Male) |
| 17:08 | Build | Farm |
| 17:22 | Create | Archer |
| 17:26 | Create | Archer |
| 17:38 | Create | Archer |
| 17:43 | Create | Villager (Male) |
| 17:52 | Create | Archer |
| 18:00 | Create | Villager (Male) |
| 18:05 | Build | Palisade Gate |
| 18:21 | Create | Archer |
| 18:21 | Create | Archer |
| 18:37 | Create | Villager (Male) |
| 18:37 | Create | Archer |
| 18:52 | Create | Villager (Male) |
| 18:55 | Build | Palisade Wall |
| 18:57 | Build | Palisade Gate |
| 18:59 | Build | Palisade Wall |
| 19:03 | Build | Palisade Wall |
| 19:05 | Build | Palisade Gate |
| 19:06 | Build | Palisade Wall |
| 19:07 | Create | Villager (Male) |
| 19:28 | Create | Villager (Male) |
| 19:38 | Create | Archer |
| 19:51 | Create | Villager (Male) |
| 19:53 | Build | Farm |
| 19:56 | Build | Farm |
| 20:03 | Build | House |
| 20:08 | Create | Archer |
| 20:12 | Build | Farm |
| 20:15 | Build | Farm |
| 20:15 | Create | Villager (Male) |
| 20:32 | Research | Double-Bit Axe |
| 20:36 | Create | Archer |
| 20:53 | Create | Archer |
| 20:55 | Create | Archer |
| 20:59 | Create | Archer |
| 21:03 | Create | Archer |
| 21:07 | Create | Villager (Male) |
| 21:35 | Create | Archer |
| 21:47 | Build | Farm |
| 21:49 | Create | Villager (Male) |
| 21:52 | Create | Archer |
| 22:11 | Build | House |
| 22:20 | Build | House |
| 22:25 | Create | Archer |
| 22:37 | Build | Market |
| 22:43 | Create | Archer |
| 22:48 | Create | Villager (Male) |
| 23:20 | Create | Villager (Male) |
| 23:31 | Create | Archer |
| 23:38 | Create | Villager (Male) |
| 24:02 | Create | Archer |
| 24:02 | Create | Archer |
| 24:11 | Create | Villager (Male) |
| 24:13 | Create | Archer |
| 24:13 | Create | Archer |
| 24:24 | Create | Archer |
| 24:24 | Create | Archer |
| 24:29 | Build | Lumber Camp |
| 24:40 | Create | Villager (Male) |
| 24:54 | Create | Archer |
| 24:54 | Create | Archer |
Build order — Smiley
First 150 of 166 actions detected
| 0:00 | Create | Villager (Male) |
| 0:00 | Create | Villager (Male) |
| 0:02 | Build | House |
| 0:03 | Build | House |
| 0:05 | Create | Villager (Male) |
| 0:09 | Create | Villager (Male) |
| 1:24 | Create | Villager (Male) |
| 1:56 | Build | Lumber Camp |
| 2:03 | Create | Villager (Male) |
| 2:18 | Create | Villager (Male) |
| 2:52 | Create | Villager (Male) |
| 3:10 | Create | Villager (Male) |
| 3:12 | Build | House |
| 3:14 | Build | House |
| 3:51 | Create | Villager (Male) |
| 3:52 | Create | Villager (Male) |
| 3:58 | Create | Villager (Male) |
| 4:23 | Create | Villager (Male) |
| 4:38 | Create | Villager (Male) |
| 4:43 | Build | Mining Camp |
| 5:06 | Create | Villager (Male) |
| 5:07 | Create | Villager (Male) |
| 5:32 | Research | Loom |
| 6:46 | Research | Feudal Age |
| 7:19 | Create | Villager (Male) |
| 7:55 | Build | Barracks |
| 8:56 | Age | Feudal Age |
| 9:00 | Build | Archery Range |
| 9:15 | Create | Villager (Male) |
| 9:17 | Build | Archery Range |
| 9:20 | Create | Villager (Male) |
| 9:50 | Create | Archer |
| 9:50 | Create | Archer |
| 9:55 | Create | Villager (Male) |
| 10:05 | Build | House |
| 10:06 | Build | Palisade Wall |
| 10:07 | Create | Archer |
| 10:07 | Create | Archer |
| 10:07 | Create | Archer |
| 10:20 | Build | Mill |
| 10:22 | Create | Archer |
| 10:33 | Create | Villager (Male) |
| 10:37 | Create | Skirmisher |
| 10:44 | Create | Archer |
| 10:44 | Create | Archer |
| 10:52 | Build | Blacksmith |
| 10:59 | Create | Archer |
| 10:59 | Create | Archer |
| 11:08 | Create | Villager (Male) |
| 11:27 | Build | House |
| 11:28 | Build | Palisade Wall |
| 11:31 | Create | Archer |
| 11:31 | Create | Archer |
| 11:36 | Build | House |
| 12:07 | Build | Farm |
| 12:09 | Build | Farm |
| 12:10 | Create | Archer |
| 12:10 | Create | Archer |
| 12:24 | Build | Farm |
| 12:33 | Research | Fletching |
| 12:43 | Build | Farm |
| 12:50 | Build | Farm |
| 13:20 | Build | Farm |
| 13:23 | Build | House |
| 13:24 | Build | Palisade Wall |
| 13:33 | Build | Watch Tower |
| 13:34 | Create | Villager (Male) |
| 13:34 | Create | Villager (Male) |
| 13:43 | Create | Archer |
| 13:50 | Build | Palisade Wall |
| 13:58 | Build | Farm |
| 14:03 | Create | Archer |
| 14:03 | Create | Archer |
| 14:04 | Create | Villager (Male) |
| 14:17 | Build | House |
| 14:29 | Create | Archer |
| 14:29 | Create | Archer |
| 14:37 | Create | Villager (Male) |
| 14:37 | Create | Villager (Male) |
| 14:43 | Create | Archer |
| 14:59 | Build | Farm |
| 15:04 | Create | Villager (Male) |
| 15:04 | Create | Villager (Male) |
| 15:09 | Create | Villager (Male) |
| 15:59 | Create | Villager (Male) |
| 16:03 | Create | Archer |
| 16:03 | Create | Archer |
| 16:21 | Research | Padded Archer Armor |
| 16:21 | Research | Forging |
| 16:22 | Create | Archer |
| 16:22 | Create | Archer |
| 16:24 | Create | Villager (Male) |
| 16:35 | Create | Villager (Male) |
| 16:36 | Create | Archer |
| 16:48 | Create | Villager (Male) |
| 16:56 | Build | House |
| 16:57 | Build | Palisade Wall |
| 16:59 | Build | House |
| 17:01 | Build | Palisade Wall |
| 17:13 | Build | Market |
| 17:14 | Create | Villager (Male) |
| 17:35 | Create | Archer |
| 17:35 | Create | Archer |
| 17:35 | Create | Villager (Male) |
| 17:57 | Create | Archer |
| 17:57 | Create | Archer |
| 18:28 | Create | Archer |
| 18:28 | Create | Archer |
| 18:31 | Create | Skirmisher |
| 18:31 | Create | Skirmisher |
| 18:31 | Create | Archer |
| 18:32 | Create | Villager (Male) |
| 18:33 | Create | Villager (Male) |
| 18:33 | Create | Villager (Male) |
| 18:43 | Create | Archer |
| 19:09 | Create | Villager (Male) |
| 19:10 | Create | Villager (Male) |
| 19:17 | Build | Palisade Wall |
| 19:20 | Create | Villager (Male) |
| 19:25 | Create | Archer |
| 19:25 | Create | Archer |
| 19:50 | Create | Villager (Male) |
| 19:51 | Create | Villager (Male) |
| 20:02 | Build | House |
| 20:05 | Build | House |
| 20:06 | Build | Palisade Wall |
| 20:13 | Build | Palisade Gate |
| 20:19 | Create | Villager (Male) |
| 20:23 | Research | Horse Collar |
| 20:41 | Create | Villager (Male) |
| 20:56 | Create | Villager (Male) |
| 20:56 | Create | Villager (Male) |
| 21:12 | Create | Villager (Male) |
| 21:41 | Create | Villager (Male) |
| 21:41 | Create | Villager (Male) |
| 21:46 | Create | Villager (Male) |
| 21:46 | Create | Villager (Male) |
| 21:52 | Build | Farm |
| 21:53 | Build | Farm |
| 21:55 | Build | Farm |
| 22:04 | Create | Villager (Male) |
| 22:20 | Create | Villager (Male) |
| 22:20 | Create | Villager (Male) |
| 22:21 | Create | Villager (Male) |
| 22:23 | Build | Farm |
| 22:26 | Build | Farm |
| 22:27 | Build | Farm |
| 22:27 | Build | Farm |
| 22:30 | Build | Farm |
| 22:30 | Build | Farm |
Build order — The Immortal
149 actions detected in the replay
| 0:00 | Create | Villager (Male) |
| 0:01 | Create | Villager (Male) |
| 0:02 | Build | House |
| 0:02 | Build | House |
| 0:04 | Create | Villager (Male) |
| 0:05 | Create | Villager (Male) |
| 1:23 | Create | Villager (Male) |
| 1:45 | Build | Lumber Camp |
| 1:53 | Create | Villager (Male) |
| 2:17 | Create | Villager (Male) |
| 2:42 | Create | Villager (Male) |
| 2:44 | Build | House |
| 3:11 | Create | Villager (Male) |
| 3:40 | Create | Villager (Male) |
| 4:04 | Create | Villager (Male) |
| 4:24 | Create | Villager (Male) |
| 4:29 | Build | Mill |
| 4:39 | Create | Villager (Male) |
| 5:19 | Create | Villager (Male) |
| 5:32 | Create | Villager (Male) |
| 6:09 | Research | Loom |
| 6:42 | Research | Feudal Age |
| 7:18 | Build | House |
| 7:53 | Create | Villager (Male) |
| 8:28 | Build | Barracks |
| 8:52 | Age | Feudal Age |
| 9:05 | Build | Stable |
| 9:09 | Create | Spearman |
| 9:15 | Create | Villager (Male) |
| 9:38 | Create | Villager (Male) |
| 9:49 | Build | Palisade Wall |
| 9:53 | Create | Scout Cavalry |
| 9:55 | Build | House |
| 9:56 | Create | Villager (Male) |
| 9:58 | Create | Scout Cavalry |
| 10:00 | Research | Double-Bit Axe |
| 10:05 | Build | Palisade Wall |
| 10:09 | Build | Farm |
| 10:15 | Build | Farm |
| 10:16 | Create | Villager (Male) |
| 10:28 | Create | Villager (Male) |
| 10:42 | Build | Farm |
| 10:46 | Build | Farm |
| 11:00 | Create | Villager (Male) |
| 11:02 | Build | Farm |
| 11:17 | Build | Farm |
| 11:35 | Create | Villager (Male) |
| 11:39 | Build | Farm |
| 11:40 | Build | Farm |
| 11:41 | Create | Villager (Male) |
| 11:49 | Build | House |
| 11:54 | Create | Scout Cavalry |
| 12:06 | Create | Villager (Male) |
| 12:16 | Create | Scout Cavalry |
| 12:20 | Build | House |
| 12:28 | Build | Farm |
| 12:31 | Build | House |
| 12:36 | Build | House |
| 12:37 | Create | Villager (Male) |
| 12:40 | Build | Palisade Wall |
| 12:44 | Create | Scout Cavalry |
| 12:57 | Build | Palisade Gate |
| 12:58 | Create | Villager (Male) |
| 13:13 | Create | Villager (Male) |
| 13:15 | Build | Farm |
| 13:21 | Build | House |
| 13:34 | Build | House |
| 13:36 | Build | House |
| 13:54 | Create | Villager (Male) |
| 14:00 | Create | Villager (Male) |
| 14:05 | Build | House |
| 14:07 | Create | Scout Cavalry |
| 14:23 | Build | Farm |
| 14:27 | Create | Villager (Male) |
| 14:31 | Build | Farm |
| 14:32 | Create | Villager (Male) |
| 14:44 | Create | Villager (Male) |
| 15:05 | Build | Farm |
| 15:06 | Build | Farm |
| 15:06 | Build | Farm |
| 15:07 | Create | Villager (Male) |
| 15:34 | Create | Scout Cavalry |
| 15:44 | Create | Villager (Male) |
| 15:57 | Create | Villager (Male) |
| 16:03 | Create | Villager (Male) |
| 16:05 | Build | Farm |
| 16:06 | Build | Farm |
| 16:06 | Build | Farm |
| 16:06 | Build | Farm |
| 16:10 | Create | Scout Cavalry |
| 16:23 | Create | Villager (Male) |
| 16:35 | Build | Market |
| 16:52 | Build | House |
| 16:55 | Build | Palisade Wall |
| 17:04 | Create | Villager (Male) |
| 17:05 | Build | Farm |
| 17:11 | Build | House |
| 17:13 | Build | House |
| 17:15 | Build | Palisade Wall |
| 17:17 | Build | Palisade Wall |
| 17:25 | Create | Villager (Male) |
| 17:33 | Create | Villager (Male) |
| 17:35 | Build | House |
| 17:39 | Create | Villager (Male) |
| 17:40 | Build | Farm |
| 17:48 | Build | Farm |
| 17:48 | Build | Farm |
| 17:48 | Build | Farm |
| 17:49 | Create | Villager (Male) |
| 17:56 | Build | Mining Camp |
| 18:06 | Build | Farm |
| 18:10 | Create | Spearman |
| 18:11 | Create | Villager (Male) |
| 18:35 | Create | Villager (Male) |
| 19:05 | Create | Villager (Male) |
| 20:00 | Research | Castle Age |
| 20:10 | Build | Palisade Wall |
| 20:39 | Build | Palisade Wall |
| 20:41 | Build | Palisade Wall |
| 20:42 | Build | Palisade Wall |
| 20:43 | Build | Palisade Wall |
| 20:45 | Build | Palisade Wall |
| 20:56 | Build | Stable |
| 21:01 | Build | Palisade Wall |
| 21:23 | Build | Blacksmith |
| 21:57 | Build | Palisade Wall |
| 22:07 | Research | Scale Barding Armor |
| 22:40 | Age | Castle Age |
| 22:44 | Create | Knight |
| 22:45 | Create | Knight |
| 22:52 | Research | Chain Barding Armor |
| 22:53 | Create | Villager (Male) |
| 23:00 | Create | Knight |
| 23:01 | Create | Villager (Male) |
| 23:03 | Research | Bow Saw |
| 23:05 | Build | House |
| 23:35 | Create | Knight |
| 23:35 | Create | Knight |
| 23:45 | Create | Villager (Male) |
| 24:04 | Build | House |
| 24:11 | Build | House |
| 24:14 | Build | Palisade Wall |
| 24:16 | Build | Palisade Wall |
| 24:19 | Build | Palisade Wall |
| 24:25 | Create | Villager (Male) |
| 24:27 | Create | Knight |
| 24:27 | Create | Knight |
| 24:37 | Create | Villager (Male) |
| 24:52 | Create | Knight |
Match timeline
| 7:09 | TAG_Sitaux · first_building Barracks |
| 7:31 | TAG_Sitaux · wall_segment Palisade Wall x2 |
| 7:36 | Chill · first_building Barracks |
| 7:55 | Smiley · first_building Barracks |
| 8:28 | The Immortal · first_building Barracks |
| 8:49 | Chill · age_up feudal |
| 8:50 | TAG_Sitaux · age_up feudal |
| 8:51 | TAG_Sitaux · first_building Stable |
| 8:52 | The Immortal · age_up feudal |
| 8:55 | Chill · first_building Archery Range |
| 8:56 | Smiley · age_up feudal |
| 9:00 | Smiley · first_building Archery Range |
| 9:05 | The Immortal · first_building Stable |
| 9:49 | The Immortal · wall_segment Palisade Wall x1 |
| 10:05 | The Immortal · wall_segment Palisade Wall x4 |
| 10:06 | Smiley · wall_segment Palisade Wall x6 |
| 10:12 | TAG_Sitaux · wall_segment Palisade Wall x1 |
| 10:37 | Chill · wall_segment Palisade Wall x9 |
| 11:18 | Chill · wall_segment Palisade Wall x1 |
| 11:28 | Smiley · wall_segment Palisade Wall x4 |
| 12:01 | Chill · wall_segment Palisade Wall x5 |
| 12:16 | Chill · wall_segment Palisade Wall x1 |
| 12:17 | Chill · wall_segment Palisade Wall x1 |
| 12:40 | The Immortal · wall_segment Palisade Wall x1 |
| 13:09 | TAG_Sitaux · wall_segment Palisade Wall x3 |
| 13:10 | TAG_Sitaux · wall_segment Palisade Wall x5 |
| 13:12 | TAG_Sitaux · wall_segment Palisade Wall x3 |
| 13:24 | Smiley · wall_segment Palisade Wall x1 |
| 13:50 | Smiley · wall_segment Palisade Wall x11 |
| 14:09 | Chill · wall_segment Palisade Wall x13 |
| 16:10 | Chill · wall_segment Palisade Wall x12 |
| 16:55 | The Immortal · wall_segment Palisade Wall x1 |
| 16:57 | Smiley · wall_segment Palisade Wall x3 |
| 17:01 | Smiley · wall_segment Palisade Wall x7 |
| 17:15 | The Immortal · wall_segment Palisade Wall x1 |
| 17:17 | The Immortal · wall_segment Palisade Wall x1 |
| 17:58 | TAG_Sitaux · wall_segment Palisade Wall x4 |
| 18:27 | Smiley · first_market_sell 100 wood |
| 18:55 | Chill · wall_segment Palisade Wall x1 |
| 18:58 | The Immortal · first_market_sell 100 stone |
| 18:59 | Chill · wall_segment Palisade Wall x1 |
| 18:59 | The Immortal · first_market_buy 100 food |
| 19:03 | Chill · wall_segment Palisade Wall x1 |
| 19:06 | Chill · wall_segment Palisade Wall x1 |
| 19:17 | Smiley · wall_segment Palisade Wall x1 |
| 20:06 | Smiley · wall_segment Palisade Wall x5 |
| 20:10 | The Immortal · wall_segment Palisade Wall x1 |
| 20:32 | TAG_Sitaux · wall_segment Palisade Wall x5 |
| 20:39 | The Immortal · wall_segment Palisade Wall x4 |
| 20:41 | The Immortal · wall_segment Palisade Wall x1 |
| 20:42 | The Immortal · wall_segment Palisade Wall x1 |
| 20:43 | The Immortal · wall_segment Palisade Wall x1 |
| 20:45 | The Immortal · wall_segment Palisade Wall x1 |
| 21:01 | The Immortal · wall_segment Palisade Wall x4 |
| 21:49 | TAG_Sitaux · wall_segment Palisade Wall x1 |
| 21:57 | The Immortal · wall_segment Palisade Wall x1 |
| 22:37 | Smiley · first_market_buy 100 food |
| 22:40 | The Immortal · age_up castle |
| 22:46 | TAG_Sitaux · age_up castle |
| 23:38 | TAG_Sitaux · wall_segment Palisade Wall x1 |
| 24:14 | The Immortal · wall_segment Palisade Wall x1 |
| 24:16 | The Immortal · wall_segment Palisade Wall x1 |
| 24:19 | The Immortal · wall_segment Palisade Wall x1 |
| 25:12 | The Immortal · resign |
[ AI ANALYSIS · 1 CREDIT ]
What really happened in this match?
Wolo.gg analyzes every decision: build order, eco, micro, common mistakes by bracket. Personalized analysis on WhatsApp or Discord in 30 seconds.
Civ guide
Magyars
Perfil
Sitaux (TAG_Sitaux)